 Dungeon Crawl Stone Soup version 0.28.0-62-gf88900778d (webtiles) character file.

Game seed: 15350876001453279668

2822 Juvenus the Basher (level 9, -1/81 HPs)
             Began as a Minotaur Berserker on Nov 7, 2023.
             Was a Priest of Trog.
             Succumbed to a hornet's poison
             ... on level 8 of the Dungeon.
             The game lasted 00:19:05 (10212 turns).

Juvenus the Basher (Minotaur Berserker)            Turns: 10212, Time: 00:19:06

Health: -1/81      AC: 13    Str: 25    XL:     9   Next: 45%
Magic:  8/8        EV:  8    Int:  4    God:    Trog [***...]
Gold:   342        SH:  5    Dex: 11    Spells: 8/8 levels left

rFire   . . .      SeeInvis .   h - +0 flail
rCold   + . .      Faith    .   (no shield)
rNeg    + . .      Spirit   .   l - +0 chain mail
rPois   .          Reflect  +   (helmet restricted)
rElec   .          Harm     .   (no cloak)
rCorr   .          Rampage  .   f - +0 pair of gloves
Will    ++...                   u - +2 pair of boots
Stlth   ..........              n - amulet of reflection
HPRegen 1.23/turn               d - ring of positive energy
MPRegen 0.11/turn               a - ring of protection from cold

@: lethally poisoned (-1 -> -5), strong-willed, regenerating, slowed, very slow
A: horns 2, retaliatory headbutt
a: Renounce Religion, Berserk, Trog's Hand


You were on level 8 of the Dungeon.
You worshipped Trog.
Trog was most pleased with you.
You visited 1 branch of the dungeon, and saw 9 of its levels.

You collected 342 gold pieces.

Inventory:

Hand Weapons
 h - a +0 flail (weapon)
Armour
 f - a +0 pair of gloves (worn)
 l - a +0 chain mail (worn)
 u - a +2 pair of boots (worn)
Jewellery
 a - a ring of protection from cold (right hand)
 d - a ring of positive energy (left hand)
 n - an amulet of reflection (around neck)
 y - a ring of flight
Wands
 k - a wand of charming (3)
Scrolls
 b - 2 scrolls of magic mapping
 c - a scroll of enchant armour {unknown}
 g - 4 scrolls of teleportation
 j - a scroll of holy word {unknown}
 p - a scroll of vulnerability {unknown}
 q - a scroll of summoning {unknown}
 r - a scroll of amnesia {unknown}
 s - 3 scrolls of noise
 t - 3 scrolls of immolation {unknown}
 w - a scroll of fear {unknown}
 A - a scroll of enchant weapon {unknown}
 B - a scroll of fog {unknown}
Potions
 e - a potion of might {unknown}
 m - 2 potions of lignification
 o - 3 potions of mutation
 v - a potion of cancellation {unknown}
 x - 2 potions of degeneration {unknown}
 z - 2 potions of haste {unknown}


   Skills:
 + Level 8.1 Fighting
 + Level 14.0 Maces & Flails
 + Level 2.8 Armour
 - Level 2.1 Dodging


You had 8 spell levels left.
You didn't know any spells.
Your spell library was empty.

Dungeon Overview and Level Annotations

Branches:
Dungeon (9/15)             Temple (0/1) D:7
   Lair: D:8-11         Orc: D:9-12

Altars:

Annotations:
D:8 2 transporters


Innate Abilities, Weirdness & Mutations

You have a pair of horns on your head.
You reflexively headbutt those who attack you in melee.


Message History

* * * LOW HITPOINT WARNING * * *
You are lethally poisoned!
You feel as though you will be slow longer.
The orc closely misses you. You furiously retaliate!
You headbutt the orc. You block the orc's attack.
The orc complains repeatedly, in orcish tradition.
The orc hits you but does no damage. The hornet closely misses you.
The orc barely misses you.
You sock the orc!
You kill the orc!
Trog accepts your kill.
* * * LOW HITPOINT WARNING * * *
You feel extremely sick. The orc hits you but does no damage.
You block the hornet's attack. The orc hits you but does no damage.
You sock the orc!
You kill the orc!
Trog accepts your kill.
* * * LOW HITPOINT WARNING * * *
You feel extremely sick.
The hornet stings you but does no damage. x2
The orc hits you but does no damage.
You closely miss the orc.
The orc is lightly wounded.
* * * LOW HITPOINT WARNING * * *
You feel very sick.
The hornet stings you but does no damage.
The orc hits you but does no damage. The hornet barely misses you.
You furiously retaliate!
You headbutt the hornet. You hit the orc. Your headbutt misses the orc.
You punch the orc.
You kill the orc!
Trog accepts your kill.
* * * LOW HITPOINT WARNING * * *
You feel very sick. The hornet closely misses you. You furiously retaliate!
You headbutt the hornet, but do no damage.
You miss the hornet. You headbutt the hornet!
You kill the hornet!
Trog accepts your kill.
You die...

#######..## #.####..##
#. #....#..## #.# ##..#
#. ##.##....# #.# #.##
#. ##..©#....## #.# #.#
#. ...©...##).## #.#
#.# #. .#©..#####..##
#.# #.## #. .##.##
##..## #.## #..# ##
.#..# ##..###..# ##..#
# ...## ##...@).###...#
# .#.#####
##.).)......## #
#......####
##........###
..........###.......###
...#######..........#
#### #####.....##
#.....# #### # #####
#.....# ##..###
##...#########.....##
##......


There were no monsters in sight!

Vanquished Creatures
  The ghost of yokelz the Basher, a novice TrMo of Cheibriados (D:6)
  A hornet (D:8)
  A steam dragon (D:7)
  2 water moccasins
  2 sky beasts (D:5)
  An ice beast (D:6)
  A black bear (D:5)
  An ogre (D:6)
  A necrophage (D:3)
  2 centaurs
  A bullfrog (D:6)
  3 scorpions (D:5)
  2 water moccasin skeletons (D:5)
  4 howler monkeys
  A centaur zombie (D:3)
  3 hounds
  A gnoll shaman (D:8)
  3 orc priests
  Crazy Yiuf (D:3)
  A centaur skeleton (D:6)
  An iguana (D:4)
  Ijyb (D:4)
  6 orc wizards
  A hound skeleton (D:4)
  18 gnolls
  4 adders
  A worm (D:5)
  The ghost of vrj42 the Skirmisher, a weakling HOBe of Trog (D:3)
  3 dart slugs
  16 orcs
  6 ball pythons
  8 endoplasms
  2 giant cockroaches
  7 goblins
  10 hobgoblins
  4 jackals (D:3)
  4 quokkas
  11 bats
  4 frilled lizards
  10 kobolds
  4 rats
  A spectral kobold (D:2)
156 creatures vanquished.

Notes
Turn   | Place    | Note
-------+----------+-------------------------------------------
     0 | D:1      | Juvenus the Minotaur Berserker began the quest for the Orb.
     0 | D:1      | Reached XP level 1. HP: 19/19 MP: 0/0
   335 | D:1      | Reached skill level 4 in Maces & Flails
   335 | D:1      | Reached XP level 2. HP: 23/27 MP: 1/1
   969 | D:1      | Reached XP level 3. HP: 34/34 MP: 2/2
   978 | D:1      | Reached ** piety under Trog
  1643 | D:2      | Reached XP level 4. HP: 27/41 MP: 3/3
  1840 | D:2      | Reached skill level 5 in Fighting
  1874 | D:2      | Reached skill level 5 in Maces & Flails
  1912 | D:2      | Found a faded altar of an unknown god.
  2803 | D:3      | Noticed a necrophage
  2812 | D:3      | Killed a necrophage
  2813 | D:3      | Reached skill level 6 in Maces & Flails
  2813 | D:3      | Reached XP level 5. HP: 50/50 MP: 4/4
  2877 | D:3      | Found a runed translucent gate.
  2877 | D:3      | Found a runed translucent gate.
  2877 | D:3      | Found a runed translucent gate.
  2895 | D:3      | Noticed vrj42's ghost (weakling HOBe)
  2902 | D:3      | Killed vrj42's ghost
  3034 | D:3      | Found a runed translucent door.
  3035 | D:3      | Noticed Crazy Yiuf
  3046 | D:3      | Killed Crazy Yiuf
  3234 | D:3      | Reached XP level 6. HP: 39/57 MP: 5/5
  4467 | D:4      | Noticed Ijyb
  4481 | D:4      | Killed Ijyb
  4482 | D:4      | Reached skill level 7 in Maces & Flails
  4832 | D:4      | Reached *** piety under Trog
  4852 | D:4      | Reached XP level 7. HP: 63/66 MP: 6/6
  5074 | D:4      | You fall into a shaft and drop 3 floors!
  5285 | D:7      | Noticed a steam dragon
  5292 | D:7      | Killed a steam dragon
  5581 | D:6      | Reached skill level 8 in Maces & Flails
  5650 | D:5      | Entered Level 5 of the Dungeon
  6225 | D:5      | Reached skill level 9 in Maces & Flails
  6260 | D:5      | Reached XP level 8. HP: 45/74 MP: 7/7
  6733 | D:5      | Reached skill level 10 in Maces & Flails
  7035 | D:5      | Reached skill level 11 in Maces & Flails
  8085 | D:6      | Reached skill level 12 in Maces & Flails
  8549 | D:6      | Found a runed translucent door.
  8551 | D:6      | Noticed yokelz's ghost (novice TrMo)
  8567 | D:6      | Killed yokelz's ghost
  8568 | D:6      | Reached skill level 13 in Maces & Flails
  8568 | D:6      | Reached XP level 9. HP: 81/81 MP: 8/8
  8881 | D:7      | Found a staircase to the Ecumenical Temple.
  9463 | D:8      | Found a transporter.
  9464 | D:8      | Found a transporter.
  9602 | D:8      | Found a transporter.
  9606 | D:8      | Found a transporter.
  9612 | D:8      | Found a transporter.
  9612 | D:8      | Found a transporter.
  9737 | D:8      | Found a flagged portal.
  9749 | D:8      | Reached skill level 14 in Maces & Flails
 10191 | D:9      | Paralysed by a hornet for 2 turns
 10196 | D:8      | Paralysed by a hornet for 1 turns
 10204 | D:8      | Paralysed by a hornet for 2 turns
 10206 | D:8      | HP: 3/81 [hornet (13)]
 10211 | D:8      | HP: 1/81 [poisoned by a hornet]
 10212 | D:8      | Succumbed to a hornet's poison

Illustrated notes

Levels and vault maps discovered:
D:1:      lemuel_arrival_broad_hall, layout_basic
D:2:      layout_basic, dreamdust_ecumenical_altar_drowned_temple,
          kennysheep_generic_room_14
D:3:      layout_basic, ebering_ghost_rock_garden, uniq_crazy_yiuf_cottage
D:4:      layout_loops_ring, nicolae_figureground_pulse, uniq_ijyb
D:5:      layout_basic, serial_rivers, chequers_serial_rivers_small_b,
          chequers_serial_rivers_small_a, chequers_serial_rivers_small_3,
          chequers_serial_rivers_large_a, chequers_serial_rivers_micro_c,
          chequers_serial_rivers_room_a, nicolae_zen_rock_garden,
          nicolae_underground_beach
D:6:      layout_loops_corners, ebering_ghost_reflecting_pool
D:7:      layout_cave_pools, minmay_temple_entry_mini_moons
D:8:      layout_layer_cave, enter_bailey_2, nrook_uturn, serial_nicolae_subway,
          nicolae_sub_station_metal, nicolae_sub_station_crystal,
          nicolae_sub_station_stone
D:9:      layout_small_grid, uniq_maurice

Skill      XL: |  1  2  3  4  5  6  7  8  9 |
---------------+----------------------------+-----
Fighting       | 4 6 7 8 |  8.1
Maces & Flails | 4 6 7 9 13 14 | 14.0
Armour         | |  2.8
Dodging        | |  2.1

Action                   |  1- 3 |  4- 6 |  7- 9 || total
-------------------------+-------+-------+-------++-------
Melee: Mace              |    84 |    97 |       ||   181
       Headbutt          |     7 |    28 |    38 ||    73
       Punch             |     1 |     1 |     2 ||     4
       Unarmed           |       |     5 |       ||     5
       Flail             |       |    41 |   191 ||   232
Invok: Berserk           |     1 |     6 |     6 ||    13
       Trog's Hand       |       |       |     1 ||     1
  Use: Scroll            |       |     1 |     5 ||     6
       Potion            |       |       |     1 ||     1
Armor: Animal skin       |     6 |       |       ||     6
       Leather armour    |     5 |       |       ||     5
       Ring mail         |    11 |    34 |       ||    45
       Chain mail        |       |     6 |   103 ||   109
Dodge: Dodged            |    60 |    84 |    63 ||   207
Block: Other             |       |       |    40 ||    40
       Reflection        |       |       |     3 ||     3
